 Dungeon Crawl Stone Soup version 0.27.0-1-g7a089689b8 (webtiles) character file.

Game seed: 13196469091588368440

14 Gnirx the Digger (level 2, -2/15 HPs)
             Began as a Gargoyle Earth Elementalist on Aug 13, 2021.
             Slain by a jackal (3 damage)
             ... on level 1 of the Dungeon.
             The game lasted 00:01:46 (947 turns).

Gnirx the Digger (Gargoyle Earth Elementalist)       Turns: 947, Time: 00:01:47

Health: -2/15      AC:  4    Str: 11    XL:     2   Next: 41%
Magic:  3/5        EV: 12    Int: 15    God:
Gold:   15         SH:  0    Dex: 10    Spells: 4/5 levels left

rFire    x . .     SeeInvis .   a - +0 dagger
rCold    + . .     Faith    .   (no shield)
rNeg     + . .     Spirit   .   b - +0 robe
rPois    ∞         Reflect  .   (no helmet)
rElec    +         Harm     .   (no cloak)
rCorr    .         Rampage  .   (no gloves)
Will     .....                  (no boots)
Stlth    ++........             (no amulet)
HPRegen  0.05/turn              d - ring of ice
MPRegen  0.09/turn              (no ring)

@: no status effects
A: sickness immunity, AC +2, negative energy resistance 1, electricity
resistance, torment resistance 1, petrification resistance
a: no special abilities


You were on level 1 of the Dungeon.
You visited 1 branch of the dungeon, and saw 1 of its levels.

You collected 15 gold pieces.

Inventory:

Hand Weapons
 a - a +0 dagger (weapon)
Missiles
 c - 44 stones
Armour
 b - a +0 robe (worn)
Jewellery
 d - a ring of ice (left hand)


   Skills:
 - Level 1.6 Dodging
 - Level 2.2 Stealth
 + Level 2.1 Spellcasting
 - Level 0.7 Transmutations
 + Level 4.3 Earth Magic


You had 4 spell levels left.
You knew the following spells:

 Your Spells              Type           Power      Damage    Failure   Level
a - Sandblast             Erth           28%        2d8       3%          1

Your spell library contained the following spells:

 Spells                   Type           Power      Damage    Failure   Level
 Passwall                 Tmut/Erth      7%         N/A       12%         2
 Stone Arrow              Conj/Erth      16%        3d8       26%         3
 Petrify                  Tmut/Erth      9%         N/A       61%         4


Dungeon Overview and Level Annotations

Branches:
Dungeon (1/15)

Altars:


Innate Abilities, Weirdness & Mutations

You are immune to sickness and miasma.
Your stone body is resilient. (AC +2)
You are immune to poison.
You resist negative energy. (rN+)
You are resistant to electric shocks. (rElec)
You are resistant to unholy torment.
You are immune to petrification.


Message History

The jackal closely misses you.
You hit the jackal but do no damage.
The jackal is lightly wounded.
The jackal closely misses you. The jackal bites you.
You hit the jackal but do no damage. The jackal bites you.
You are too injured to fight recklessly!
You are too injured to fight recklessly!
You are too injured to fight recklessly!
Aiming: Sandblast (safe; 3% risk of failure)
Press: ? - help, Q - select action, (/) - cycle Shift-Dir - straight line, f/p - jackal
Aim: a jackal (74% to hit)
The blast of sand hits the jackal.
The jackal is moderately wounded.
The jackal bites you but does no damage.
The jackal bites you.
* * * LOW HITPOINT WARNING * * *
Aiming: Sandblast (safe; 3% risk of failure)
Press: ? - help, Q - select action, (/) - cycle Shift-Dir - straight line, f/p - jackal
Aim: a jackal (moderately wounded, 74% to hit)
The blast of sand hits the jackal.
You kill the jackal!
Unknown command.
There is an open door here.
Aiming: Sandblast (safe; 3% risk of failure)
Press: ? - help, Q - select action, (/) - cycle Shift-Dir - straight line, f - jackal
Aim: a jackal (74% to hit)
The blast of sand hits the jackal.
The jackal is moderately wounded.
The jackal closely misses you. The jackal completely misses you.
The jackal bites you.
* * * LOW HITPOINT WARNING * * *
The jackal bites you.
* * * LOW HITPOINT WARNING * * *
The jackal bites you but does no damage.
You see here a bat skeleton.
The jackal bites you but does no damage.
The jackal bites you but does no damage.
The jackal closely misses you. The jackal bites you.
You die...

##.....##
##.......##
#.........#
+.........+
#....÷....#
##.......##
##..hh.##
#####hh.##
#.....@.#
#.####..# #.#
#..#
#.###.####..#
#...........##
#####.##.....#
#.##....####
#...#......#
####.#.###....


You could see 4 jackals.

Vanquished Creatures
  A ball python (D:1)
  A giant cockroach (D:1)
  2 jackals (D:1)
  2 quokkas (D:1)
  A bat (D:1)
  2 frilled lizards (D:1)
  2 goblins (D:1)
  A kobold (D:1)
  2 rats (D:1)
14 creatures vanquished.

Notes
Turn   | Place    | Note
-------+----------+-------------------------------------------
     0 | D:1      | Gnirx the Gargoyle Earth Elementalist began the quest for
                  | the Orb.
     0 | D:1      | Reached XP level 1. HP: 10/10 MP: 3/3
    50 | D:1      | Found a faded altar of an unknown god.
   445 | D:1      | Reached skill level 4 in Earth Magic
   481 | D:1      | Reached XP level 2. HP: 15/15 MP: 5/5
   947 | D:1      | Slain by a jackal

Illustrated notes

Levels and vault maps discovered:
D:1:      heliophobic_arrival_enchanted_forest, layout_loops_corners,
          ebering_ecumenical_altar_ruins

Skill      XL: |  1 |
---------------+----+-----
Earth Magic    | 4 |  4.3
Dodging        | |  1.6
Stealth        | |  2.2
Spellcasting   | |  2.1
Transmutations | |  0.7

Action                   || total
-------------------------++-------
Melee: Dagger            ||    49
       Unarmed           ||     7
 Cast: Sandblast         ||     5
 Stab: Sleeping          ||     1
Armor: Robe              ||    25
Dodge: Dodged            ||    44
